AoeStats
← ZamSerg

Nomad

503132769Analyzed
4v4 RM · 1mo ago on Aug 30, 2026· 47m 7s· 8 players
Game mode
Random Map
Map size
231×231
Population
200
Speed
Normal
Resources
Standard
Victory
Conquest
Starting age
Dark Age
Ending age
Imperial Age
RankedLock teamsTeams togetherTeam positionsShared explorationLock speedFull tech treeHidden civsTurbo modeCheats
Victory
Defeat
🇨🇳 Persians · China
1232
+10
🇨🇳 Japanese · China
1197
+11
🇭🇰 Dravidians · Hong Kong SAR China
1192
+11
🇹🇼 Burgundians · Taiwan
1042
+18
🇷🇺 Magyars · Russia
1218
-18
🇬🇧 Vikings · United Kingdom
1114
-14
🇺🇸 Malay · United States
1017
-10
🇨🇳 Huns · China
1011
-9
Steppo
3:59 Loom
15:37 Feudal Age
15:59 Town Watch
16:03 Double-Bit Axe
19:14 Fishing Lines
23:54 Castle Age
21:56 Stone Mining
22:15 Gold Mining
23:32 Fletching
24:22 Bow Saw
24:24 Bodkin Arrow
26:07 Medium Warships
27:21 Wheelbarrow
27:51 Ballistics
30:37 Imperial Age
32:00 Conscription
31:41 Thalassocracy
31:44 Bracer
32:30 Gold Shaft Mining
32:13 Careening
32:14 Clinker Construction
34:11 Hand Cart
34:28 Heavy Warships
33:35 Crossbowman
34:21 Thumb Ring
34:29 Forging
34:53 Gillnets
38:18 Iron Casting
37:43 Padded Archer Armor
37:49 Scale Barding Armor
37:31 Treadmill Crane
38:01 Masonry
37:47 Murder Holes
38:13 Dry Dock
39:45 Arbalester
41:07 Leather Archer Armor
42:29 Ring Archer Armor
44:02 Pikeman
44:42 Squires
44:51 Forced Levy
44:46 Man-at-Arms
44:47 Halberdier
45:18 Long Swordsman
45:54 Two-Handed Swordsman
MartinusV
5:05 Loom
14:56 Feudal Age
15:28 Double-Bit Axe
16:20 Fishing Lines
17:05 Town Watch
22:13 Castle Age
22:32 Fletching
24:15 Gillnets
25:16 Bodkin Arrow
37:21 Horse Collar
41:46 Heavy Plow
卢本伟
6:51 Loom
15:00 Feudal Age
18:53 Castle Age
21:55 Horse Collar
22:55 Wheelbarrow
23:42 Heavy Plow
30:46 Hand Cart
32:24 Gold Mining
32:26 Stone Mining
32:29 Double-Bit Axe
35:59 Imperial Age
34:10 Gold Shaft Mining
35:43 Scale Barding Armor
35:49 Forging
36:15 Marauders
36:05 Elite Tarkan
37:02 Bloodlines
38:25 Chain Barding Armor
38:40 Iron Casting
39:50 Plate Barding Armor
42:38 Blast Furnace
ZamSerg
9:59 Loom
14:07 Feudal Age
15:07 Double-Bit Axe
20:36 Castle Age
18:23 Horse Collar
21:04 Light Cavalry
23:28 Wheelbarrow
23:06 Bow Saw
25:19 Bloodlines
25:09 Husbandry
25:50 Pikeman
27:32 Fletching
32:06 Hand Cart
32:58 Bodkin Arrow
H wont help
5:27 Loom
16:08 Feudal Age
16:35 Double-Bit Axe
16:58 Fishing Lines
18:37 Gold Mining
20:15 Town Watch
22:46 Castle Age
23:36 Fletching
24:01 Medium Warships
24:37 Wheelbarrow
24:58 Stone Mining
25:38 Hand Cart
24:47 Pikeman
26:37 Bow Saw
26:58 Ballistics
31:02 Bodkin Arrow
31:08 Padded Archer Armor
32:28 Horse Collar
33:01 Gillnets
38:49 Imperial Age
36:45 Padded Archer Armor
36:56 Forging
37:08 Squires
37:45 Arson
37:46 Gambesons
38:11 Scale Mail Armor
39:00 Murder Holes
39:23 Leather Archer Armor
39:44 Iron Casting
39:18 Medical Corps
38:38 Elite Skirmisher
40:57 Chemistry
40:52 Heavy Warships
41:14 Thumb Ring
41:07 Halberdier
41:51 Bracer
41:42 Elite Urumi Swordsman
44:17 Blast Furnace
43:33 Chain Mail Armor
47:01 Wootz Steel
47:02 Conscription
46:05 Elite Elephant Archer
bluelam77
11:28 Double-Bit Axe
15:20 Feudal Age
16:25 Fishing Lines
17:45 Loom
21:01 Castle Age
21:20 Cavalier
24:23 Forging
28:56 Wheelbarrow
28:33 Horse Collar
30:30 Town Watch
35:23 Gold Mining
36:01 Scale Barding Armor
38:44 Chain Barding Armor
41:39 Scale Mail Armor
46:44 Imperial Age
就是天胡
4:25 Loom
14:42 Feudal Age
15:09 Town Watch
15:12 Double-Bit Axe
16:59 Wheelbarrow
17:07 Forging
19:51 Castle Age
18:55 Bloodlines
19:22 Fishing Lines
20:37 Bow Saw
21:05 Scale Barding Armor
26:55 Chain Barding Armor
26:42 Husbandry
29:01 Horse Collar
29:21 Gillnets
31:32 Heavy Plow
34:05 Hand Cart
38:14 Imperial Age
35:38 Gold Mining
35:38 Stone Mining
36:26 Iron Casting
35:42 Fletching
37:29 Gold Shaft Mining
37:29 Stone Shaft Mining
38:34 Ballistics
38:10 Murder Holes
38:14 Bodkin Arrow
38:04 Cavalier
39:36 Plate Barding Armor
40:01 Blast Furnace
41:26 Two-Man Saw
40:58 Crop Rotation
40:13 Savar
42:20 Chemistry
41:31 Masonry
44:23 Padded Archer Armor
44:24 Scale Mail Armor
围家建筑工
5:23 Loom
6:08 Loom
14:50 Feudal Age
16:33 Double-Bit Axe
18:19 Fishing Lines
21:18 Castle Age
19:36 Stone Mining
21:15 Gold Mining
25:21 Gillnets
31:55 Imperial Age
29:09 Horse Collar
30:40 Scale Mail Armor
30:45 Scale Barding Armor
32:00 Chain Mail Armor
32:27 Wheelbarrow
32:29 Heavy Plow
34:03 Conscription
34:18 Hand Cart
36:26 Kataparuto
38:08 Plate Mail Armor
37:05 Elite Samurai
38:39 Scale Barding Armor
38:34 Padded Archer Armor
38:25 Fletching
38:45 Forging
40:24 Chain Barding Armor
40:20 Bow Saw
42:32 Forging
42:18 Bodkin Arrow
42:38 Leather Archer Armor
44:33 Iron Casting
47:11 Blast Furnace
46:28 Bracer
Connection lost

Rejoining the realm…

Still unreachable

The connection could not be restored.

Session expired

The server has moved on; the page needs a fresh start.